[Event "*** Titled Tuesday Blitz"]
[Site "Chess.com"]
[Date "2020.12.29"]
[Round "4"]
[White "HrvojeZagreb"]
[Black "ShahMatKanal"]
[Result "0-1"]
[WhiteElo "2235"]
[BlackElo "2429"]
[TimeControl "180+1"]
[EndTime "10:37:22 PST"]
[Termination "ShahMatKanal won by resignation"]

1. d4 Nf6 2. Bf4 c5 3. e3 e6 4. Nd2 Nc6 5. Nc4 d5 6. Ne5 Qb6 7. Nxc6 bxc6 8. Rb1 cxd4 9. exd4 c5 10. Nf3 cxd4 11.
Qxd4 Bc5 12. Qe5 Bxf2+ 13. Kd1 O-O 14. Bd3 Ne4 15. Bxe4 dxe4 16. Qxe4 Bb7 17. Qe2 e5 18. Bd2 e4 19. Ng5 e3 20. Bc3 Qg6 21. h4 Bxg2 22. Rh2 Qd6+ 23. Kc1 Qxh2 24. Qg4 Qg1+ 0-1

[Event "*** Titled Tuesday Blitz"]
[Site "Chess.com"]
[Date "2020.12.29"]
[Round "4"]
[White "chess94cu"]
[Black "Anton_Zhukov04"]
[Result "1-0"]
[WhiteElo "2593"]
[BlackElo "2210"]
[TimeControl "180+1"]
[EndTime "10:37:23 PST"]
[Termination "chess94cu won by resignation"]

1. d4 Nf6 2. Nf3 e6 3. Bf4 c5 4. e3 Nc6 5. c3 d5 6. Nbd2 Be7 7. Bd3 O-O 8. O-O h6 9. h3 Nd7 10. Qe2 f5 11. c4 Nf6 12. Rac1 b6 13. Rfd1 Ne4 14. cxd5 exd5 15. Bb5 Bb7 16. dxc5 bxc5 17. Nb3 Rc8 18. Rxd5 Qxd5 19. Bc4 Nb4 20. Bxd5+ Bxd5 21. Nfd2 Nxa2 22. Ra1 Nxd2 23. Nxd2 Bf6 24. Nc4 Nb4 25. Rxa7 Ra8 26. Rc7 Ra1+ 27. Kh2 g5 28. Be5 Bxc4 29. Qxc4+ Kh8 30. Qxc5 1-0

[Event "*** Titled Tuesday Blitz"]
[Site "Chess.com"]
[Date "2020.12.29"]
[Round "4"]
[White "rychessmaster1"]
[Black "OparinGrigoriy"]
[Result "0-1"]
[WhiteElo "2568"]
[BlackElo "2967"]
[TimeControl "180+1"]
[EndTime "10:37:24 PST"]
[Termination "OparinGrigoriy won by resignation"]

1. d4 d6 2. Nc3 Nf6 3. e4 e5 4. Nf3 Nbd7 5. Bc4 Be7 6. O-O O-O 7. h3 c6 8. a4 Nxe4 9. Nxe4 d5 10. Nxe5 Nxe5 11.
dxe5 dxc4 12. Qf3 Qd5 13. Bd2 Qxe5 14. Bc3 Qf5 15. Qg3 Qg6 16. Qe5 Re8 17. Rfe1 Bxh3 18.
Qxg7+ Qxg7 19. Bxg7 Kxg7 20. gxh3 f5 21. Ng3 Kg6 22.
Rad1 Bf6 23. Rxe8 Rxe8 24. b3 cxb3 25. cxb3 Rd8 26. Rb1 Rd2 27. Kf1 f4 28. Ne2 f3 29.
Ng3 Bd4 30. Ne4 Re2 31. Re1 Rb2 32. Rd1 c5 33. Nd2 Kf5 34. Ke1 Bc3 0-1

[Event "*** Titled Tuesday Blitz"]
[Site "Chess.com"]
[Date "2020.12.29"]
[Round "4"]
[White "ChessyInstinct"]
[Black "ChessLover0108"]
[Result "0-1"]
[WhiteElo "2513"]
[BlackElo "2756"]
[TimeControl "180+1"]
[EndTime "10:37:25 PST"]
[Termination "ChessLover0108 won by resignation"]

1. d4 Nf6 2. c4 d6 3. Nc3 g6 4. e4 Bg7 5. Be2 O-O 6. Be3 Nc6 7.
d5 Ne5 8. h3 e6 9. f4 Ned7 10.
dxe6 fxe6 11. g4 b6 12. g5 Ne8 13. Bf3 Bb7 14. Nge2 Ne5 15. Bg2 Nxc4 16. Bd4 Nxb2 17.
Qc2 Nc4 18. Bxg7 Ne3 19. Qd2 Nxg2+ 20. Kf2 Nxg7 21. Kxg2 d5 22. exd5 exd5 23. Kh2 c5 24. Ng3 d4 25. Nce4 Bxe4 26. Nxe4 Nh5 27. Rhf1 Qd5 28.
Ng3 Nxg3 29. Kxg3 Rae8 30. Rae1 c4 31. Rxe8 Rxe8 32. f5 Re3+ 33. Kh2 Qe5+ 34. Kh1 Re2 0-1

[Event "*** Titled Tuesday Blitz"]
[Site "Chess.com"]
[Date "2020.12.29"]
[Round "4"]
[White "SergeyShtyka"]
[Black "Spriteball"]
[Result "1-0"]
[WhiteElo "2462"]
[BlackElo "2300"]
[TimeControl "180+1"]
[EndTime "10:37:27 PST"]
[Termination "SergeyShtyka won by resignation"]

1. e4 c5 2. Nf3 d6 3. d4 cxd4 4. Nxd4 Nf6 5. Nc3 a6 6. Bc4 e6 7. O-O Be7 8. Be3 O-O 9. f4 b5 10. Bd3 Bb7 11. a3 Nbd7 12. Qf3 Rc8 13. Rae1 Nc5 14. Kh1 d5 15. e5 Nfe4 16. Nd1 Na4 17. f5 exf5 18. Nxf5 g6 19. Nh6+ Kg7 20. Nxf7 Qe8 21.
Bh6+ Kg8 22. Bxf8 Bxf8 23. Ne3 Nxb2 24. Ng4 h5 25. Nf6+ Nxf6 26. Qxf6 Bg7 27. Qxg6 Nxd3 28. cxd3 a5 29. e6 d4 30. e7 Rc6 31. Nh6+ 1-0

[Event "*** Titled Tuesday Blitz"]
[Site "Chess.com"]
[Date "2020.12.29"]
[Round "4"]
[White "Vesper2018"]
[Black "Smile2005"]
[Result "1-0"]
[WhiteElo "2632"]
[BlackElo "2365"]
[TimeControl "180+1"]
[EndTime "10:37:28 PST"]
[Termination "Vesper2018 won by resignation"]

1. e4 d5 2. exd5 Nf6 3. d4 Nxd5 4. c4 Nb6 5. Nf3 e5 6. Nxe5 c5 7. d5 Bd6 8. Nf3 O-O 9. Be2 Bg4 10. Na3 a6 11. O-O N8d7 12. h3 Bh5 13. Bg5 f6 14.
Be3 Re8 15. Qd2 Qc7 16. Rfe1 Re4 17. g4 Bg6 18. Bd3 Re7 19. Bxg6 hxg6 20. Qd3 Nf8 21. Re2 Rae8 22. Rae1 Nbd7 23. Nb1 Ne5 24. Nxe5 Bxe5 25. Nc3 Bd6 26. Bd2 Qd7 27. Rxe7 Rxe7 28. Rxe7 Qxe7 29. Qe4 Qd8 30. f4 Bb8 31. Kg2 Qd6 32. Ne2 b5 33. b3 Kh8 34. Be1 Nd7 35. Bg3 Nb6 36. Qe8+ Kh7 37.
f5 Qd7 38. fxg6+ Kh6 39. Qh8+ 1-0

[Event "*** Titled Tuesday Blitz"]
[Site "Chess.com"]
[Date "2020.12.29"]
[Round "4"]
[White "Pelopidass"]
[Black "ChessWarrior7197"]
[Result "0-1"]
[WhiteElo "2557"]
[BlackElo "2916"]
[TimeControl "180+1"]
[EndTime "10:37:30 PST"]
[Termination "ChessWarrior7197 won by resignation"]

1. e4 e5 2. Nf3 Nc6 3. Bb5 f5 4. d3 fxe4 5. dxe4 Nf6 6. Nc3 Bb4 7. Qd3 d6 8. O-O Bxc3 9. Qxc3 Bd7 10. Bg5 Nxe4 11. Bxd8 Nxc3 12. Bxc6 Kxd8 13. Bxb7 Rb8 14. bxc3 Rxb7 15. Rab1 Rb6 16. Nd2 Ke7 17. Rxb6 axb6 18.
f4 exf4 19. Rxf4 Ra8 20. Re4+ Kf6 21. Rc4 c5 22. Rf4+ Kg6 23. Nc4 Rxa2 24. Nxb6 Be6 25. Nc4 Bxc4 26. Rxc4 Rxc2 27. h3 Kf5 28. Rg4 g5 29. c4 h5 0-1

[Event "*** Titled Tuesday Blitz"]
[Site "Chess.com"]
[Date "2020.12.29"]
[Round "4"]
[White "chessdjw"]
[Black "eCztery"]
[Result "1-0"]
[WhiteElo "2623"]
[BlackElo "2362"]
[TimeControl "180+1"]
[EndTime "10:37:30 PST"]
[Termination "chessdjw won by resignation"]

1. e4 c5 2. Nf3 Nc6 3. Bb5 g6 4. O-O Bg7 5. c3 Nf6 6. Re1 O-O 7. d4 cxd4 8. cxd4 d5 9. e5 Ne4 10. Be3 Qb6 11. Bxc6 bxc6 12. Qc1 Rb8 13. b3 Bg4 14. h3 Bd7 15. Nc3 Nxc3 16. Qxc3 Rfc8 17. Rac1 e6 18. h4 Bf8 19. Bg5 Bb4 20. Qe3 Bxe1 21. Rxe1 c5 22. Bf6 Qd8 23. Bxd8 Rxd8 24. dxc5 Rb4 25. Nd4 Rc8 26.
Rc1 a5 27. Kh2 a4 28. a3 Rbb8 29. b4 Rc7 30. Qh6 Kh8 31. Kg3 Be8 32. Kf4 1-0

[Event "*** Titled Tuesday Blitz"]
[Site "Chess.com"]
[Date "2020.12.29"]
[Round "4"]
[White "queen_iryna"]
[Black "beto-betun"]
[Result "1/2-1/2"]
[WhiteElo "2339"]
[BlackElo "2177"]
[TimeControl "180+1"]
[EndTime "10:37:33 PST"]
[Termination "Game drawn by agreement"]

1. e4 c5 2. Nf3 d6 3. Bb5+ Nd7 4. O-O a6 5. Bxd7+ Bxd7 6. d4 cxd4 7. Qxd4 e5 8. Qd3 Be7 9. a4 Nf6 10. c4 b5 11.
axb5 axb5 12. Rxa8 Qxa8 13. Nc3 bxc4 14. Qxc4 O-O 15. Bg5 Be6 16. Qd3 Qb7 17. Bxf6 Bxf6 18. Qxd6 Qxb2 19. Nd5 Bxd5 20. Qxd5 Qc3 21. h3 h5 22. Rb1 Rd8 23. Qa2 Qc6 24. Qe2 g6 25. Nd2 Kg7 26. Nf1 Be7 27. Kh1 Bc5 28. Rc1 Qb6 29.
f3 Bd4 30. Rd1 1/2-1/2

[Event "*** Titled Tuesday Blitz"]
[Site "Chess.com"]
[Date "2020.12.29"]
[Round "4"]
[White "javirec"]
[Black "saikrishnaReturns"]
[Result "0-1"]
[WhiteElo "2364"]
[BlackElo "2639"]
[TimeControl "180+1"]
[EndTime "10:37:34 PST"]
[Termination "saikrishnaReturns won on time"]

1. c4 e5 2. g3 h5 3. h3 f5 4. Bg2 Nf6 5. d4 Nc6 6. Nf3 e4 7. Ne5 h4 8. Nxc6 dxc6 9. gxh4 Rxh4 10. Nc3 Bb4 11. a3 Bxc3+ 12. bxc3 Be6 13. Bg5 Rh5 14.
h4 Bxc4 15. Qd2 Qd5 16. Rb1 Ba6 17. Qf4 O-O-O 18. Qg3 Qc4 19. O-O Qxe2 20. Rfc1 Qg4 21. Qe3 Nd5 22. Qd2 Rdh8 23. c4 Rxg5 24. Qxg5 Qxg5 25.
hxg5 Nf4 26. Bf1 Rh5 27. Rb3 Ne6 28. Rg3 Nxd4 29. Re3 Nf3+ 30. Kg2 Rxg5+ 31. Kh3 Rg1 0-1

[Event "*** Titled Tuesday Blitz"]
[Site "Chess.com"]
[Date "2020.12.29"]
[Round "4"]
[White "vlad_Sid"]
[Black "SaraciNderim"]
[Result "0-1"]
[WhiteElo "2577"]
[BlackElo "2841"]
[TimeControl "180+1"]
[EndTime "10:37:36 PST"]
[Termination "SaraciNderim won by resignation"]

1. c4 Nf6 2. g3 g6 3. Bg2 Bg7 4. Nc3 O-O 5. d3 c6 6. e4 d6 7. Nge2 c5 8. O-O Nc6 9. h3 Rb8 10. Kh2 a6 11. Be3 b5 12. Qd2 Nd7 13. Rab1 Nb6 14.
b3 Nd4 15. Bh6 b4 16. Bxg7 bxc3 17. Qxc3 Nxe2 18. Qb2 Nd4 19. Bxd4 cxd4 20. Qxd4 Nd7 21. Qe3 Qb6 22. d4 e5 23. Rfd1 exd4 24. Rxd4 Bb7 25.
Rbd1 Rfe8 26. Qf4 Nc5 27. Rxd6 Qa5 28. R6d4 Qxa2 29. b4 Ne6 30. R4d2 Nxf4 31. Rxa2 Nxg2 32. Kxg2 Rxe4 33. f3 Rxc4 34. Rb1 Bc8 0-1

[Event "*** Titled Tuesday Blitz"]
[Site "Chess.com"]
[Date "2020.12.29"]
[Round "4"]
[White "ljuks68"]
[Black "Chesswizard_2007"]
[Result "0-1"]
[WhiteElo "2371"]
[BlackElo "2659"]
[TimeControl "180+1"]
[EndTime "10:37:37 PST"]
[Termination "Chesswizard_2007 won on time"]

1. e4 Nc6 2. Nf3 e5 3. Bb5 Nf6 4. Qe2 d6 5. c3 a6 6. Ba4 Bd7 7. O-O Be7 8. d4 O-O 9. Rd1 Qc8 10. Bb3 h6 11. Nbd2 Re8 12. d5 Nb8 13. Nf1 Bg4 14. Ng3 Nbd7 15. h3 Bxf3 16. Qxf3 Kh7 17. Nf5 Bf8 18. g4 g6 19. Ng3 Bg7 20. Kg2 Nc5 21. Bc2 a5 22. Be3 b6 23. b3 Rf8 24.
a3 Qd7 25. b4 axb4 26. axb4 Na4 27. c4 Nb2 28. Rdb1 Nxc4 29. Bc1 b5 30. Nf5 gxf5 31.
exf5 e4 32. Qf4 e3 33. fxe3 Ne5 34. Bb2 Kh8 0-1

[Event "*** Titled Tuesday Blitz"]
[Site "Chess.com"]
[Date "2020.12.29"]
[Round "4"]
[White "Salem-AR"]
[Black "Karateloru"]
[Result "1-0"]
[WhiteElo "2937"]
[BlackElo "2748"]
[TimeControl "180+1"]
[EndTime "10:37:39 PST"]
[Termination "Salem-AR won by resignation"]

1. e4 c5 2. Nf3 e6 3. c3 Nf6 4. e5 Nd5 5. d4 cxd4 6. cxd4 d6 7. Bc4 Nb6 8. Bd3 Nc6 9. O-O dxe5 10. dxe5 Nd7 11.
Re1 Nc5 12. Bc2 Qxd1 13. Rxd1 Nb4 14. Rd2 Nxc2 15. Rxc2 Bd7 16. Be3 Nd3 17. Nbd2 Nb4 18. Rc7 Bc6 19. Ng5 Be7 20. Rxe7+ Kxe7 21. Bc5+ Ke8 22.
Bxb4 Rd8 23. Nc4 Rd4 24. Nd6+ Kd7 25. Ngxf7 Rb8 26. Bc5 Rd2 27. Bxa7 Rf8 28. Bc5 Rxb2 29. Nc4 Rxa2 30. Rxa2 Rxf7 31. Nb6+ Kc7 32. Ra8 Bd7 33.
f3 Rf5 34. Nxd7 Kxd7 35. Bd6 Rf7 36. Rf8 Rxf8 37. Bxf8 g6 38. Kf2 Kc6 39. Ke3 Kd5 40. f4 b5 41. Kd3 h5 42. h3 g5 43. fxg5 Kxe5 44. g4 hxg4 45. hxg4 1-0

[Event "*** Titled Tuesday Blitz"]
[Site "Chess.com"]
[Date "2020.12.29"]
[Round "4"]
[White "BahadirOzen"]
[Black "mishanick"]
[Result "0-1"]
[WhiteElo "2778"]
[BlackElo "2992"]
[TimeControl "180+1"]
[EndTime "10:37:40 PST"]
[Termination "mishanick won by resignation"]

1. Nf3 Nf6 2. c4 g6 3. Nc3 d5 4. cxd5 Nxd5 5. e4 Nxc3 6. dxc3 Qxd1+ 7. Kxd1 Nd7 8. Bf4 c6 9. Kc2 f6 10. Nd2 e5 11. Be3 Bc5 12. Re1 Ke7 13. Bc4 a5 14. a4 Rd8 15. h4 Bxe3 16. Rxe3 Nc5 17. b3 Be6 18. Bxe6 Kxe6 19. h5 g5 20. Nc4 b5 21.
axb5 cxb5 22. Na3 b4 23. Nb5 Rac8 24. Ra1 a4 25. bxa4 b3+ 26. Kc1 Nd3+ 27. Kb1 Nxf2 28. Kb2 Nd1+ 29. Rxd1 Rxd1 30. Kxb3 Rb1+ 31. Kc2 Rg1 32.
Re2 g4 33. Rd2 g3 34. Kb3 Rb1+ 35. Ka3 Rc4 36. Nd6 Ra1+ 37. Kb3 Rcxa4 38. Nc4 Ra6 39. Rd3 Rb1+ 40. Kc2 Re1 41. Rxg3 Rxe4 42. Kd3 Rh4 43. Rg8 Rxh5 44. g4 Rh3+ 45. Ne3 Ra4 46. Re8+ Kf7 47. Rc8 Rxg4 0-1

[Event "*** Titled Tuesday Blitz"]
[Site "Chess.com"]
[Date "2020.12.29"]
[Round "4"]
[White "freshfoodcompany"]
[Black "Schack-Hugo"]
[Result "1-0"]
[WhiteElo "2409"]
[BlackElo "2171"]
[TimeControl "180+1"]
[EndTime "10:37:40 PST"]
[Termination "freshfoodcompany won on time"]

1. d4 d5 2. c4 c6 3. Nc3 Nf6 4. Nf3 e6 5. Bg5 h6 6. Bh4 dxc4 7. e4 g5 8. Bg3 b5 9. Be2 Bb7 10. h4 g4 11. Ne5 Rg8 12. Nxg4 Nxg4 13. Bxg4 Nd7 14.
Bf3 a6 15. Qd2 c5 16. d5 e5 17. Nd1 Qb6 18. Ne3 a5 19. Nf5 b4 20. O-O a4 21. d6 a3 22. bxa3 Rxa3 23. Rab1 c3 24. Qc2 Qa6 25. Be2 Qa5 26. Bc4 Ba6 27. Bxa6 Qxa6 28.
Ra1 c4 29. Rfd1 Qa5 30. Rd5 1-0

[Event "*** Titled Tuesday Blitz"]
[Site "Chess.com"]
[Date "2020.12.29"]
[Round "4"]
[White "ChessQueen"]
[Black "KNCP_719"]
[Result "1-0"]
[WhiteElo "2746"]
[BlackElo "2512"]
[TimeControl "180+1"]
[EndTime "10:37:42 PST"]
[Termination "ChessQueen won by resignation"]

1. e4 c5 2. c3 g6 3. d4 cxd4 4. c4 Bg7 5. Nf3 Nc6 6. Nbd2 d6 7. Nb3 e5 8. h4 h6 9. Be2 Nge7 10. a3 Be6 11. Bd3 Rc8 12. Nbd2 a5 13. b3 Qd7 14. Nf1 Bg4 15. N1h2 Be6 16. Nf1 O-O 17. h5 g5 18.
Ng3 Bg4 19. Be2 f5 20. exf5 Nxf5 21. Ne4 d5 22. cxd5 Nce7 23. Nxe5 Bxe5 24. Bxg4 Nxd5 25. O-O Bb8 26. Qd3 Qc7 27. g3 Rcd8 28. Nxg5 hxg5 29. Bxf5 Nc3 30. Bxg5 Rd5 31. Be6+ Kh8 32. Bxd5 Nxd5 33. Qxd4+ Qg7 34. Qxd5 1-0

[Event "*** Titled Tuesday Blitz"]
[Site "Chess.com"]
[Date "2020.12.29"]
[Round "4"]
[White "Stouuf"]
[Black "omer1997"]
[Result "0-1"]
[WhiteElo "2585"]
[BlackElo "2389"]
[TimeControl "180+1"]
[EndTime "10:37:42 PST"]
[Termination "omer1997 won by checkmate"]

1. e4 e5 2. Nf3 Nf6 3. Nxe5 d6 4. Nf3 Nxe4 5. d4 d5 6. Bd3 Nc6 7. O-O Be7 8. c4 Bf5 9. Nc3 Nb4 10. Be2 Nxc3 11.
bxc3 Nc2 12. Rb1 Nxd4 13. Rxb7 Nxe2+ 14. Qxe2 O-O 15. Rd1 Qc8 16. Rb5 c6 17. Qxe7 cxb5 18. cxd5 Qxc3 19. d6 Rfe8 20. Qg5 Qc2 21. Rf1 h6 22.
Qf4 Bd3 23. Re1 Rxe1+ 24. Nxe1 Qe2 25. Qd2 Qf1# 0-1

[Event "*** Titled Tuesday Blitz"]
[Site "Chess.com"]
[Date "2020.12.29"]
[Round "4"]
[White "MIJuanReyesRosa"]
[Black "eightbyeightchess"]
[Result "1-0"]
[WhiteElo "2074"]
[BlackElo "2370"]
[TimeControl "180+1"]
[EndTime "10:37:45 PST"]
[Termination "MIJuanReyesRosa won by checkmate"]

1. d4 d5 2. c4 c6 3. Nc3 Nf6 4. Nf3 dxc4 5. e3 b5 6. a4 b4 7. Na2 e6 8. Bxc4 Ke7 9. Nxb4 Ke8 10. Nd3 Ba6 11. Bxa6 Nxa6 12. O-O Nc7 13. Nde5 Bd6 14.
b3 Ncd5 15. Qc2 Rc8 16. Ba3 Bxa3 17. Rxa3 Qd6 18. Raa1 h5 19. Ng5 Ng4 20. Ngxf7 Qc7 21. Nxh8 Nxe5 22. dxe5 Qxe5 23. Qg6+ Kd7 24. Nf7 Qb2 25.
Rad1 Rf8 26. e4 Kc7 27. exd5 cxd5 28. Rc1+ Kb7 29. Nd6+ Ka6 30. Qd3+ Kb6 31. Qb5# 1-0

[Event "*** Titled Tuesday Blitz"]
[Site "Chess.com"]
[Date "2020.12.29"]
[Round "4"]
[White "IsuruAlahakoon"]
[Black "AlessiaSanteramo"]
[Result "1-0"]
[WhiteElo "2307"]
[BlackElo "2126"]
[TimeControl "180+1"]
[EndTime "10:37:46 PST"]
[Termination "IsuruAlahakoon won by resignation"]

1. Nf3 Nf6 2. d4 e6 3. Bg5 Be7 4. Nc3 b6 5. e4 Bb7 6. Bd3 c5 7. dxc5 bxc5 8. Qe2 Nc6 9. e5 Nd5 10. Ne4 Nxe5 11. Nd6+ Kf8 12. Bxe7+ Qxe7 13. Qxe5 f6 14. Qg3 Bc6 15. O-O g6 16. c4 Nb4 17. Be4 e5 18.
Bxc6 Nxc6 19. Rad1 Nd4 20. Nxd4 cxd4 21. c5 Kg7 22. f4 exf4 23. Qxf4 Qe3+ 24. Qxe3 dxe3 25. Rfe1 Rab8 26. b3 f5 27. Rxe3 f4 28. Re7+ Kh6 29. Nf7+ 1-0

[Event "*** Titled Tuesday Blitz"]
[Site "Chess.com"]
[Date "2020.12.29"]
[Round "4"]
[White "StockholmMissile"]
[Black "Margarita2907"]
[Result "1-0"]
[WhiteElo "2414"]
[BlackElo "2192"]
[TimeControl "180+1"]
[EndTime "10:37:47 PST"]
[Termination "StockholmMissile won on time"]

1. d4 d5 2. c4 e6 3. Nf3 Nf6 4. Bg5 Be7 5. e3 h6 6. Bxf6 Bxf6 7. Qc2 O-O 8. h4 g6 9. Nc3 a6 10. Bd3 dxc4 11. Bxc4 b5 12. Bd3 Bb7 13. Ne4 Bg7 14. Nc5 Bc6 15. Rc1 Qd6 16. Be4 Bxe4 17. Nxe4 Qb4+ 18. Kf1 c6 19. Nc5 Qa5 20. Qe4 Qc7 21.
g3 Rc8 22. Kg2 1-0

[Event "*** Titled Tuesday Blitz"]
[Site "Chess.com"]
[Date "2020.12.29"]
[Round "4"]
[White "horripile"]
[Black "joppie2"]
[Result "0-1"]
[WhiteElo "2693"]
[BlackElo "2889"]
[TimeControl "180+1"]
[EndTime "10:37:48 PST"]
[Termination "joppie2 won on time"]

1. e4 c5 2. Nf3 d6 3. Bb5+ Bd7 4. Bxd7+ Nxd7 5. c4 Ngf6 6. Nc3 Ne5 7. Nxe5 dxe5 8. d3 e6 9. Qa4+ Nd7 10. O-O Be7 11. f4 O-O 12. f5 Nb8 13. fxe6 fxe6 14. Be3 Qxd3 15.
Rxf8+ Bxf8 16. Bf2 Qd7 17. Qa3 Nc6 18. Bxc5 Nd4 19.
Bxf8 Nc2 20. Qd6 Qxd6 21. Bxd6 Nxa1 22. Bxe5 Nc2 23. h3 Nb4 24. a3 Nd3 25. Bd4 Nxb2 26. c5 Nc4 27. Nb5 Rd8 28. Bf2 a6 29. Nc7 Kf7 30. c6 bxc6 31. Nxa6 Nxa3 32. Nb4 Rd1+ 33. Kh2 Rc1 34. Nd3 Rc2 0-1

[Event "*** Titled Tuesday Blitz"]
[Site "Chess.com"]
[Date "2020.12.29"]
[Round "4"]
[White "ChrisTool2"]
[Black "bogcsab"]
[Result "0-1"]
[WhiteElo "2368"]
[BlackElo "2049"]
[TimeControl "180+1"]
[EndTime "10:37:49 PST"]
[Termination "bogcsab won on time"]

1. e4 d6 2. d4 Nf6 3. Bd3 g6 4. c4 Bg7 5. Nc3 O-O 6. Nge2 e5 7. d5 Nbd7 8. f3 Nc5 9. Bc2 Nh5 10. Be3 f5 11. b4 Na6 12. a3 fxe4 13. Nxe4 Nf4 14.
Nxf4 exf4 15. Bd4 Bf5 16. Bxg7 Kxg7 17. Qd4+ Kg8 18. O-O Bxe4 19. Qxe4 Qe8 20. Rae1 Qxe4 21. Rxe4 Rae8 22. Rfe1 Rxe4 23. Rxe4 g5 24. Re7 Rf7 25. Rxf7 Kxf7 26. Bxh7 Kf6 27. Bd3 Ke5 28. Kf1 Kd4 29.
Ke2 Kc3 30. g3 fxg3 31. hxg3 Kb2 32. f4 gxf4 33. gxf4 Nb8 34. Bf5 Kxa3 35. b5 Kb3 36. Kd3 a5 37. bxa6 bxa6 38. Bc8 a5 39. f5 a4 40. f6 a3 41. f7 a2 42. f8=Q a1=Q 43. Qf2 Qc3+ 44. Ke4 Qxc4+ 45. Kf5 Qxd5+ 46. Kf6 Qe5+ 47. Kf7 c5 0-1

[Event "*** Titled Tuesday Blitz"]
[Site "Chess.com"]
[Date "2020.12.29"]
[Round "4"]
[White "Susal_De_Silva"]
[Black "MrTattaglia"]
[Result "0-1"]
[WhiteElo "2565"]
[BlackElo "2956"]
[TimeControl "180+1"]
[EndTime "10:37:52 PST"]
[Termination "MrTattaglia won by checkmate"]

1. e4 e6 2. d4 d5 3. Nc3 Nf6 4.
e5 Nfd7 5. f4 b6 6. Nf3 Bb4 7.
Be3 c5 8. Bd3 Ba6 9. O-O Bxd3 10. cxd3 Bxc3 11. bxc3 Nc6 12. dxc5 bxc5 13. d4 cxd4 14.
Nxd4 Nxd4 15. Bxd4 g6 16. f5 gxf5 17. Qh5 Rg8 18. Rf3 Nf8 19. Rb1 Qg5 20. Qxg5 Rxg5 21.
Rb7 a6 22. Rf1 Ng6 23. Rfb1 f4 24. Rb8+ Rxb8 25. Rxb8+ Ke7 26. Bc5+ Kd7 27. Ra8 Kc6 28. Bd4 Kb5 29. Rb8+ Kc4 30. Rb6 Nxe5 31. h4 Nf3+ 32. Kf2 Nxh4 33. Rxa6 Rxg2+ 34. Kf1 f3 35. a4 Re2 36.
Ra8 Nf5 37. Bb6 Ng3+ 38. Kg1 Rg2# 0-1

[Event "*** Titled Tuesday Blitz"]
[Site "Chess.com"]
[Date "2020.12.29"]
[Round "4"]
[White "GelmanAlexander"]
[Black "carloseduar100"]
[Result "1-0"]
[WhiteElo "2573"]
[BlackElo "2106"]
[TimeControl "180+1"]
[EndTime "10:37:52 PST"]
[Termination "GelmanAlexander won by checkmate"]

1. d4 d5 2. Nc3 Nf6 3. Bf4 c6 4. f3 e6 5. e4 dxe4 6. fxe4 Bb4 7. Qd3 Nbd7 8. Nf3 Qa5 9. Be2 Bxc3+ 10. bxc3 Nxe4 11. Qxe4 Qxc3+ 12. Kf2 Nf6 13. Qd3 Qa5 14.
Rhe1 O-O 15. Kg1 Rd8 16. Bg5 c5 17. Bxf6 gxf6 18. c3 cxd4 19. cxd4 Bd7 20. Qe3 Bc6 21. Qh6 Qf5 22. Rad1 Rd5 23. Bd3 Qh5 24. Qxf6 Ra5 25. Be4 Rxa2 26. Bxc6 bxc6 27. Re5 Qg6 28. Rg5 a5 29. h4 a4 30. h5 Qxg5 31. Nxg5 Ra7 32. h6 Kf8 33. Nxe6+ Ke8 34. Qd8# 1-0

[Event "*** Titled Tuesday Blitz"]
[Site "Chess.com"]
[Date "2020.12.29"]
[Round "4"]
[White "RamyresCoelho"]
[Black "Ladislav1969"]
[Result "0-1"]
[WhiteElo "2097"]
[BlackElo "2397"]
[TimeControl "180+1"]
[EndTime "10:37:53 PST"]
[Termination "Ladislav1969 won by resignation"]

1. e4 c5 2. Nf3 e6 3. d4 cxd4 4.
Nxd4 a6 5. Bd3 Nf6 6. O-O Nc6 7. Nb3 Qc7 8. c4 Ne5 9. f4 Nxc4 10. Nc3 Bc5+ 11.
Kh1 Ne3 12. Bxe3 Bxe3 13. e5 Nd5 14. Ne4 O-O 15. Qh5 g6 16. Qh6 Qxe5 17. Ng5 Qg7 18.
Qh4 h6 19. Ne4 b5 20. Rae1 f5 21. Nd6 g5 22. fxg5 hxg5 23. Qh5 Qh7 24. Qf3 Bf4 25.
g3 Bxd6 26. Nd4 Bb7 27. Qe2 Nf4+ 28. Qf3 Bxf3+ 29. Nxf3 Nxd3 30. Nxg5 Qh5 31. Rd1 Qxg5 32. Rxd3 Bc5 33. Rxd7 Rf7 34. Rd3 Rh7 35. Kg2 Rd8 36.
Rdf3 Rd2+ 37. R1f2 Bxf2 38. Rxf2 0-1

[Event "*** Titled Tuesday Blitz"]
[Site "Chess.com"]
[Date "2020.12.29"]
[Round "4"]
[White "francyIM"]
[Black "jerry_77"]
[Result "1-0"]
[WhiteElo "2698"]
[BlackElo "2495"]
[TimeControl "180+1"]
[EndTime "10:37:54 PST"]
[Termination "francyIM won by resignation"]

1. e4 c6 2. d4 d5 3. e5 c5 4. dxc5 Nc6 5. a3 Nxe5 6. b4 g6 7. Bb2 Bg7 8. Nc3 d4 9. Ne4 d3 10. Rb1 dxc2 11. Qxc2 Kf8 12. Rd1 Qc7 13. f4 Nc6 14. Bxg7+ Kxg7 15. Qc3+ Nf6 16. g3 Bf5 17. Nxf6 exf6 18. Rd6 Rhe8+ 19. Kf2 Rad8 20. Qxf6+ Kg8 21. Bc4 Rxd6 22. Qxd6 Qxd6 23. cxd6 Rd8 24. Nf3 Rxd6 25. Re1 h6 26. Re8+ Kg7 27. Ke3 Bd7 28. Re4 Ne7 29. Rxe7 Bc6 30. Rxf7+ 1-0

[Event "*** Titled Tuesday Blitz"]
[Site "Chess.com"]
[Date "2020.12.29"]
[Round "4"]
[White "Enriquack"]
[Black "skoularikii"]
[Result "1-0"]
[WhiteElo "2389"]
[BlackElo "2593"]
[TimeControl "180+1"]
[EndTime "10:37:56 PST"]
[Termination "Enriquack won by resignation"]

1. e4 e5 2. f4 exf4 3. Nf3 g5 4. Nc3 d6 5. h4 g4 6. Ng1 Be7 7. d4 Bxh4+ 8. Ke2 Bg3 9. Qd3 h5 10. Kd1 Nc6 11. Nge2 Bd7 12. Bxf4 Bxf4 13. Nxf4 Qg5 14.
Nfd5 O-O-O 15. b4 Nce7 16. Qc4 c6 17. b5 f5 18. bxc6 Nxc6 19. Rb1 Rf8 20. Qb5 Nd8 21. Qa5 Ne6 22. Qxa7 Kd8 23. Rxb7 Bc8 24. Qb6+ Ke8 25. Bb5+ 1-0

[Event "*** Titled Tuesday Blitz"]
[Site "Chess.com"]
[Date "2020.12.29"]
[Round "4"]
[White "Tsyhanchuk_Stanislav"]
[Black "Ariadna_Atreides"]
[Result "1-0"]
[WhiteElo "2270"]
[BlackElo "2073"]
[TimeControl "180+1"]
[EndTime "10:37:56 PST"]
[Termination "Tsyhanchuk_Stanislav won by resignation"]

1. d4 e6 2. Nf3 Nf6 3. c4 Bb4+ 4. Bd2 a5 5. g3 b6 6. Bg2 Bb7 7. O-O Bxd2 8. Nbxd2 O-O 9. Qc2 d5 10. Ne5 Nbd7 11.
Rac1 c5 12. cxd5 exd5 13. Nxd7 Nxd7 14. dxc5 Nxc5 15. Nb3 Rc8 16. Nxc5 bxc5 17. Qd2 Re8 18. Rfd1 Qe7 19. e3 Red8 20. Qxa5 Qe5 21. Rxc5 Ra8 22. Qb4 Rdb8 23. Rb5 Bc6 24. Rxb8+ Rxb8 25. Qc3 Qe6 26. Rc1 Bd7 27. Qd4 Rxb2 28. Qxb2 1-0

[Event "*** Titled Tuesday Blitz"]
[Site "Chess.com"]
[Date "2020.12.29"]
[Round "4"]
[White "alexgo05"]
[Black "Supernotar"]
[Result "1/2-1/2"]
[WhiteElo "2493"]
[BlackElo "2848"]
[TimeControl "180+1"]
[EndTime "10:37:58 PST"]
[Termination "Game drawn by repetition"]

1. e4 c6 2. Nf3 d5 3. Nc3 Bg4 4.
h3 Bxf3 5. Qxf3 e6 6. Qg3 Nf6 7. d3 Qb6 8. Be2 Nbd7 9. O-O g6 10. Kh1 Bg7 11. f4 O-O 12. f5 dxe4 13. dxe4 exf5 14. exf5 Rae8 15. Bc4 Ne5 16. Bb3 Nh5 17. Qh4 Bf6 18. Bg5 Bxg5 19. Qxg5 Qd8 20. f6 Kh8 21. Rad1 Qc7 22.
Ne4 Nc4 23. Qh6 Rg8 24. Ng5 Ng3+ 25. Kg1 Ne2+ 26. Kh1 Ng3+ 27. Kg1 Ne2+ 28. Kh1 Ng3+ 1/2-1/2